 Dungeon Crawl Stone Soup version 0.29-a0-322-g68df515428 (webtiles) character file.

Game seed: 11185613900091246241

60 Flugslaktarn the Stinger (level 4, 13/30 HPs)
             Began as a Human Venom Mage on Apr 6, 2022.
             Quit the game on level 4 of the Dungeon.
             The game lasted 00:05:00 (1033 turns).

Flugslaktarn the Stinger (Human Venom Mage)         Turns: 1033, Time: 00:05:01

Health: 13/30      AC:  7    Str: 17    XL:     4   Next: 24%
Magic:  7/7        EV: 12    Int: 18    God:
Gold:   112        SH:  0    Dex: 13    Spells: 4/7 levels left

rFire   x . .      SeeInvis +   x - +1 hand axe of Embarrassment {venom, *Rage rPois Str+9 SInv}
rCold   . . .      Faith    .   (no shield)
rNeg    . . .      Spirit   .   q - +3 leather armour of Limited Liability {-Tele rF- Regen+ Stlth+}
rPois   +          Reflect  .   (no helmet)
rElec   .          Harm     .   (no cloak)
rCorr   .          Rampage  .   (no gloves)
Will    +....      Rage     20% u - +0 pair of boots
Stlth   +++....... NoTele   +   (no amulet)
HPRegen 0.90/turn               j - +4 ring of slaying
MPRegen 0.10/turn               m - ring of willpower

@: mildly poisoned (13 -> 11)
A: no striking features
a: no special abilities


You were on level 4 of the Dungeon.
You visited 1 branch of the dungeon, and saw 4 of its levels.

You collected 112 gold pieces.

Inventory:

Hand Weapons
 g - a +0 spear
   (You found it on level 1 of the Dungeon)
 x - the +1 hand axe of Embarrassment (weapon) {venom, *Rage rPois Str+9 SInv}
   (You found it on level 3 of the Dungeon)

   It poisons the flesh of those it strikes.
   Str:       It affects your strength (+9).
   rPois:     It protects you from poison.
   SInv:      It lets you see invisible.
   *Rage:     It berserks you when you make melee attacks (+20% chance).
Missiles
 c - 8 boomerangs (quivered)
 w - 16 stones
Armour
 f - a +3 leather armour
   (You found it on level 1 of the Dungeon)
 q - the +3 leather armour of Limited Liability (worn) {-Tele rF- Regen+ Stlth+}
   (You found it on level 2 of the Dungeon)

   rF:        It makes you vulnerable to fire.
   -Tele:     It prevents most forms of teleportation.
   Regen:     It increases your rate of health regeneration.
   Stlth:     It makes you more stealthy.
 s - a +0 kite shield
   (You found it on level 1 of the Dungeon)
 u - a +0 pair of boots (worn)
   (You found it on level 2 of the Dungeon)
Jewellery
 j - a +4 ring of slaying (left hand)
   (You found it on level 1 of the Dungeon)
 m - a ring of willpower (right hand)
   (You found it on level 2 of the Dungeon)
Scrolls
 h - 2 scrolls of identify {unknown}
 i - a scroll of vulnerability {unknown}
 l - 2 scrolls of amnesia {unknown}
 o - a scroll of holy word {unknown}
 p - a scroll of brand weapon {unknown}
 r - 2 scrolls of immolation {unknown}
 t - a scroll of teleportation
Potions
 a - a potion of haste {unknown}
 b - 2 potions of magic
 d - a potion of invisibility {unknown}
 e - a potion of berserk rage {unknown}
 k - 2 potions of curing {unknown}
 n - a potion of mutation {unknown}
 v - a potion of degeneration {unknown}
 z - a potion of attraction {unknown}


   Skills:
 + Level 1.2 Throwing
 - Level 2.0 Dodging
 - Level 2.0 Stealth
 + Level 2.4 Spellcasting
 - Level 2.0 Transmutations
 + Level 1.2 Air Magic
 + Level 3.4 Poison Magic


You had 4 spell levels left.
You knew the following spells:

 Your Spells              Type           Power      Damage    Failure   Level
a - Sting                 Tmut/Pois      44%        1d5       7%          1
b - Poisonous Vapours     Pois/Air       20%        N/A       12%         2

Your spell library contained the following spells:

 Spells                   Type           Power      Damage    Failure   Level
 Mephitic Cloud           Conj/Pois/Air  7%         N/A       34%         3
 Olgreb's Toxic Radiance  Pois           14%        N/A       45%         4


Dungeon Overview and Level Annotations

Branches:
Dungeon (4/15)
 Temple: D:4-7

Altars:

Annotations:
D:3 exclusion: downstairs


Message History

Found a whip.
Found a stone staircase leading down.
Found 7 gold pieces.
You feel yourself speed up.
You now have 63 gold pieces (gained 7).
You recover from your berserk rage.
There is a stone staircase leading down here.
You climb downwards.
Found a lumpy ruby potion and 12 gold pieces.
There is a stone staircase leading up here.
Casting: Sting (safe; 7% risk of failure)
Confirm with . or Enter, or press ? or * to list all spells.
Aiming: Sting (safe; 7% risk of failure)
Press: ? - help, Shift-Dir - straight line, f - ball python
Aim: a ball python (asleep, 100% to hit)
The sting hits the ball python.
The ball python is poisoned.
You kill the ball python!
Casting: Sting (safe; 7% risk of failure)
Confirm with . or Enter, or press ? or * to list all spells.
Aiming: Sting (safe; 7% risk of failure)
Press: ? - help, Shift-Dir - straight line, f - ogre
Aim: an ogre, wielding a +0 giant club (asleep, 100% to hit)
The sting hits the ogre.
The ogre is poisoned.
The ogre is lightly wounded.
The ogre shouts!
You climb upwards.
There is a stone staircase leading down here.
Magic restored.
You see here a +0 club.
Found a dagger.
You see here a +0 dagger.
Found 12 gold pieces.
You now have 75 gold pieces (gained 12).
Found a purple potion.
A bat comes into view.
z - a purple potion
Casting: Sting (safe; 7% risk of failure)
Confirm with . or Enter, or press ? or * to list all spells.
Aiming: Sting (safe; 7% risk of failure)
Press: ? - help, Shift-Dir - straight line, f - bat
Aim: a bat (asleep, 100% to hit)
You miscast Sting.
You are very lightly contaminated with residual magic.
Nothing appears to happen.
Casting: Sting (safe; 7% risk of failure)
Confirm with . or Enter, or press ? or * to list all spells.
Aiming: Sting (safe; 7% risk of failure)
Press: ? - help, Shift-Dir - straight line, f/p - bat
Aim: a bat (asleep, 100% to hit)
The sting hits the bat.
The bat is poisoned.
The bat is moderately wounded.
The bat hits you but does no damage.
You barely miss the bat.
The bat is moderately wounded.
The bat closely misses you. x3; The bat barely misses you.
You barely miss the bat.
The bat is moderately wounded.
You kill the bat!
Your magical contamination has completely faded away.
Found 9 gold pieces.
You now have 84 gold pieces (gained 9).
You open the large door.
Found 9 gold pieces.
Found a potion of magic and 9 gold pieces.
There is a large open door here.
You now have 93 gold pieces (gained 9).
Found 5 gold pieces.
b - 2 potions of magic (gained 1)
You now have 102 gold pieces (gained 9).
Found a scroll labelled NEELLU ZOTHUA.
You now have 107 gold pieces (gained 5).
r - 2 scrolls labelled NEELLU ZOTHUA (gained 1)
There is a large open door here.
You see here a +0 club.
Found a stone staircase leading down.
Found 5 gold pieces.
There is a stone staircase leading down here.
You now have 112 gold pieces (gained 5).
There is a stone staircase leading down here.
You climb downwards.
The adder hisses angrily.
The killer bee buzzes angrily. x3
The killer bee barely misses you. x2
The killer bee stings you but does no damage.
The killer bee stings you! x2
You are poisoned.
The killer bee poisons you!
Found 11 stones.
There is a stone staircase leading up here.
Enter note: ,
Enter note: .,
Enter note: d:4 killer bees adjacent to going downstairs
Enter note: fair gameplay Unknown command.
Okay, then.
Okay, then.
You feel sick. The adder misses you. The killer bee misses you.
The killer bee stings you but does no damage.
The adder closely misses you. The killer bee barely misses you.
The killer bee stings you.
Are you sure you want to abandon this character and quit the game? (Confirm with "yes".)

#.##########
#...@yy.....
#.....y.Sy..(..
###
#..############
.. . $ ##.#
#####..
#...#.......
...........#
#..†!....#
#.......#.#


You could see 4 killer bees and an adder.

Vanquished Creatures
  An adder (D:2)
  A worm (D:2)
  A dart slug (D:2)
  2 ball pythons
  3 endoplasms
  A giant cockroach (D:1)
  4 goblins
  6 hobgoblins
  7 kobolds
  2 quokkas
  A bat (D:3)
  8 frilled lizards
  10 rats
47 creatures vanquished.

Notes
Turn   | Place    | Note
-------+----------+-------------------------------------------
     0 | D:1      | Flugslaktarn the Human Venom Mage began the quest for the
                  | Orb.
     0 | D:1      | Reached XP level 1. HP: 13/13 MP: 3/3
    54 | D:1      | Reached XP level 2. HP: 17/19 MP: 1/5
    91 | D:1      | Learned a level 2 spell: Poisonous Vapours
   230 | D:2      | Reached XP level 3. HP: 18/24 MP: 6/6
   294 | D:1      | Found a faded altar of an unknown god.
   416 | D:2      | Identified the +3 leather armour of Limited Liability
                  | {-Tele rF- Regen+ Stlth+}
   429 | D:2      | Reached skill level 1 in Throwing
   429 | D:2      | Reached skill level 1 in Air Magic
   503 | D:2      | Reached XP level 4. HP: 30/30 MP: 5/7
   655 | D:3      | Identified the +1 hand axe of Embarrassment {venom, *Rage
                  | rPois Str+9 SInv}
   725 | D:4      | Noticed an ogre
  1032 | D:4      | ,
  1032 | D:4      | .,
  1032 | D:4      | d:4 killer bees adjacent to going downstairs
  1032 | D:4      | fair gameplay
  1033 | D:4      | Quit the game

Illustrated notes

#.##########
#...@yy.....
#.....y.Sy..(..
###
#..############
.. . $ ##.#
#####..
#...#.......
...........#
#..†!....#
#.......#.#


Turn 1032 on D:4: ,

Levels and vault maps discovered:
D:1:      dpeg_arrival_shelter, layout_rooms, ebering_ecumenical_altar_petrified
D:2:      layout_rooms
D:3:      layout_basic, kennysheep_cross_room, minmay_misc_feat_enclosed
D:4:      layout_loops_ring, zin_angel, minmay_temple_entry_statues_pillars,
          minmay_statues_item, uniq_blork_the_orc

Skill      XL: |  1  2  3 |
---------------+----------+-----
Transmutations | 2 |  2.0
Throwing       | 1 |  1.2
Air Magic      | 1 |  1.2
Dodging        | |  2.0
Stealth        | |  2.0
Spellcasting   | |  2.4
Poison Magic   | |  3.4

Action                   |  1- 3 |  4- 6 || total
-------------------------+-------+-------++-------
Melee: Unarmed           |     2 |       ||     2
       Spear             |    22 |    11 ||    33
       Punch             |     1 |       ||     1
       Hand axe          |       |     3 ||     3
Throw: Boomerang         |    49 |       ||    49
 Cast: Sting             |    26 |     8 ||    34
  Use: Scroll            |     1 |       ||     1
Armor: Robe              |     4 |       ||     4
       Leather armour    |     9 |     5 ||    14
Dodge: Dodged            |    23 |    12 ||    35

Table legend: (Time is in decaauts)
 A = Elapsed time spent in this place.
 B = Non-inter-level travel time spent in this place.
 C = Inter-level travel time spent in this place.
 D = Time resting spent in this place.
 E = Time spent auto-exploring this place.
 F = Levels seen in this place.
 G = Mean time per level.
                   A        B        C        D        E       F      G
               +--------+--------+--------+--------+--------+-----+--------+
         Total |   1064 |    902 |    162 |      0 |      0 |   4 |  266.0 |
       Dungeon |   1064 |    902 |    162 |      0 |      0 |   4 |  266.0 |
               +--------+--------+--------+--------+--------+-----+--------+

Top non-repeatable levels by time:
     D:3: 400 daAuts
     D:2: 344 daAuts
     D:1: 313 daAuts
     D:4: 6 daAuts
